 Dungeon Crawl Stone Soup version 0.23-a0-204-g3eb00d1601 (webtiles) character file.

13230 Ablot the Thaumaturge (level 12, 0/139 HPs)
             Began as a Gnoll Skald on Sept 24, 2018.
             Was an Elder of Okawaru.
             Slain by a yak (10 damage)
             ... on level 11 of the Dungeon.
             The game lasted 00:29:05 (10231 turns).

Ablot the Thaumaturge (Gnoll Skald)                Turns: 10231, Time: 00:29:05

Health: 0/139      AC: 26    Str: 16    XL:     12   Next: 3%
Magic:  8/24       EV:  2    Int: 16    God:    Okawaru [****..]
Gold:   706        SH:  0    Dex: 22    Spells: 16/28 levels left

rFire    . . .     SeeInvis +   a - +0 trident
rCold    . . .     Gourm    .   (no shield)
rNeg     + + +     Faith    .   (armour currently unavailable)
rPois    +         Spirit   .   (helmet currently unavailable)
rElec    .         Reflect  .   (cloak currently unavailable)
rCorr    .         Harm     .   (gloves currently unavailable)
MR       .....     NoTele   +   (boots currently unavailable)
Stlth    +++++.....             S - amulet of rage
HPRegen  1.33/turn              F - ring of positive energy
MPRegen  0.19/turn              K - ring of see invisible

@: agile, tree-form (expiring), very slightly contaminated, regenerating
A: distributed training, strong nose
a: Heroism, Renounce Religion, Evoke Berserk Rage


You were on level 11 of the Dungeon.
You worshipped Okawaru.
Okawaru was greatly pleased with you.
You were very hungry.
You were a tree.
You visited 2 branches of the dungeon, and saw 12 of its levels.

You collected 781 gold pieces.
You spent 75 gold pieces at shops.

Inventory:

Hand Weapons
 a - a +0 trident (weapon)
 s - a +4 quarterstaff of chaos
 w - a +0 blowgun
Missiles
 c - 342 stones (quivered)
 h - 283 arrows
 k - 106 poisoned needles
 l - 96 bolts
 n - 69 sling bullets
 J - 8 needles of sleeping
 V - 4 curare-tipped needles
 W - 7 javelins of returning
Armour
 b - a +0 leather armour (melded)
 t - a cursed +0 helmet (melded)
 v - a cursed +0 cloak (melded)
Jewellery
 F - a ring of positive energy (left branch)
 K - a ring of see invisible (right branch)
 S - an amulet of rage (around neck)
Wands
 e - a wand of iceblast (7)
 i - a wand of paralysis (14)
 I - a wand of flame (20)
 Q - a wand of acid (8)
 R - a wand of random effects (20)
Scrolls
 f - 4 scrolls of fog
 m - 2 scrolls of enchant armour
 o - a scroll of magic mapping {unknown}
 p - 2 scrolls of blinking
 y - 2 scrolls of amnesia
 C - a scroll of brand weapon {unknown}
 D - 2 scrolls of remove curse
 E - 5 scrolls of teleportation
 L - 2 scrolls of vulnerability {unknown}
 M - 2 scrolls of immolation {unknown}
Potions
 g - 3 potions of berserk rage
 j - a potion of might
 q - a potion of mutation
 r - 3 potions of flight
 u - a potion of heal wounds {unknown}
 z - a potion of lignification
 A - a potion of agility
 G - a potion of curing
 N - 2 potions of haste
 O - a potion of brilliance {unknown}
Miscellaneous
 T - a lightning rod (4/4)
Comestibles
 d - 25 rations


   Skills:
 + Level 8.2 Fighting
 + Level 6.7 Short Blades
 + Level 6.7 Long Blades
 + Level 6.7 Axes
 + Level 6.7 Maces & Flails
 + Level 8.2 Polearms
 + Level 6.7 Staves
 + Level 6.7 Slings
 + Level 6.7 Bows
 + Level 6.7 Crossbows
 + Level 6.7 Throwing
 + Level 7.3 Armour
 + Level 8.2 Dodging
 + Level 6.7 Stealth
 + Level 6.7 Shields
 + Level 6.7 Unarmed Combat
 + Level 8.5 Spellcasting
 + Level 5.6 Conjurations
 + Level 5.6 Hexes
 + Level 7.9 Charms
 + Level 5.6 Summonings
 + Level 5.6 Necromancy
 + Level 5.6 Translocations
 + Level 5.6 Transmutations
 + Level 5.6 Fire Magic
 + Level 5.6 Ice Magic
 + Level 5.6 Air Magic
 + Level 5.6 Earth Magic
 + Level 5.6 Poison Magic
 + Level 7.4 Invocations
 + Level 6.7 Evocations


You had 16 spell levels left.
You knew the following spells:

 Your Spells              Type           Power        Failure   Level  Hunger
a - Infusion              Chrm           ####         1%          1    None
b - Song of Slaying       Chrm           ####....     1%          2    None
c - Shroud of Golubria    Chrm/Tloc      ####......   1%          2    None
d - Regeneration          Chrm/Necr      ####......   1%          3    #......
e - Spectral Weapon       Hex/Chrm       ####....     1%          3    #......
f - Beastly Appendage     Tmut           ###...       1%          1    None

Your spell library contained the following spells:

 Spells                   Type           Power        Failure   Level  Hunger
 Sticks to Snakes         Tmut           ###.....     1%          2    None
 Spider Form              Tmut/Pois      ###.......   3%          3    #......
 Ice Form                 Ice/Tmut       ###.....     11%         4    ###....
 Blade Hands              Tmut           ###.......   30%         5    #####..


Dungeon Overview and Level Annotations

Branches:
Dungeon (11/15)            Temple (1/1) D:6             Orc (0/2) D:10
   Lair: D:8-11

Altars:
Ashenzari
Cheibriados
Dithmenos
Elyvilon
Fedhas
Gozag
Kikubaaqudgha
Makhleb
Nemelex Xobeh
Okawaru
Qazlal
Ru
Sif Muna
Trog
Uskayaw
Vehumet
Wu Jian
Xom
Yredelemnul
Zin
The Shining One

Shops:
D:6 *   D:10 (

Annotations:
D:10 1 transporter, 3 runed doors
D:11 2 runed doors


Innate Abilities, Weirdness & Mutations

Your experience applies equally to all skills.
((You have very sharp teeth.))
Your uncanny sense of smell can sniff out nearby items.


Message History

Aim: a yak (heavily wounded)
You hit the yak. Your punch misses the yak.
The yak is heavily wounded.
The yak gores you but does no damage.
Attack whom?
Press: ? - help, Dir - move target cursor, f/p - yak
Aim: a yak (heavily wounded)
You puncture the yak!
The yak is severely wounded.
The yak gores you but does no damage.
Casting: Shroud of Golubria (safe; 1% risk of failure)
Confirm with . or Enter, or press ? or * to list all spells.
Your skin crawls.
The yak gores you but does no damage.
Attack whom?
Press: ? - help, Dir - move target cursor, f/p - yak
Aim: a yak (severely wounded)
You hit the yak but do no damage.
The yak is severely wounded.
The yak gores you!
You die...

....... ....
.......########....
...................
...................
..................
...........)))...
............)#
........(()Y)#
.#####'#####♣# ..Y
#.# .....# #### #.#
.## .....# #.# .[..
.....# # #.# ..#
.....#.#
#.######..+
.....'.#
#.........# ......#
#>........# ......+
####......#####


You could see a yak.

Vanquished Creatures
  A hydra (D:10)
  2 two-headed ogres
  Urug (D:10)
  Sonja (D:10)
  A manticore (D:11)
  A troll (D:11)
  3 hippogriffs
  2 dream sheep (D:10)
  A wraith (D:10)
  2 wyverns
  17 yaks
  A hungry ghost (D:9)
  Eustachio (D:6)
  A water moccasin (D:11)
  2 porcupines (D:11)
  4 phantoms
  Duvessa (D:6)
  2 ice beasts
  A sky beast (D:8)
  2 orc warriors
  A necrophage (D:8)
  12 centaurs
  5 ogres
  4 big kobolds
  5 bullfrogs
  Dowan (D:6)
  A wyvern skeleton (D:7)
  3 scorpions
  7 howler monkeys
  2 crimson imps (D:11)
  A jelly (D:11)
  2 quasits
  Crazy Yiuf (D:2)
  8 orc priests
  2 hounds
  4 iguanas
  2 iron imps
  3 bullfrog skeletons
  Terence (D:2)
  8 worker ants
  8 orc wizards
  A hound zombie (D:10)
  3 hound skeletons
  A howler monkey zombie (D:5)
  2 worker ant zombies
  6 gnolls
  12 adders
  A river rat (D:6)
  2 shadow imps
  2 oozes
  4 worms
  9 leopard geckos
  36 orcs
  A ball python (D:4)
  4 giant cockroaches
  9 goblins
  14 hobgoblins
  9 jackals
  3 quokkas
  5 bats
  5 frilled lizards
  A goblin zombie (D:5)
  A hobgoblin zombie (D:5)
  14 kobolds
  2 kobold skeletons (D:5)
  2 orc zombies (D:5)
  9 rats
  A fungus (D:2)
  A spectral weapon (D:10)
288 creatures vanquished.

Vanquished Creatures (others)
  A troll (D:11)
  A kobold (D:11)
  A fungus (D:11)
  A plant (D:11)
  6 spectral weapons
10 creatures vanquished.

Grand Total: 298 creatures vanquished

Notes
Turn   | Place    | Note
-------+----------+-------------------------------------------
     0 | D:1      | Ablot the Gnoll Skald began the quest for the Orb.
     0 | D:1      | Reached XP level 1. HP: 20/20 MP: 6/6
    92 | D:1      | Reached XP level 2. HP: 10/26 MP: 0/7
   111 | D:1      | Learned a level 2 spell: Song of Slaying
   114 | D:1      | Learned a level 2 spell: Shroud of Golubria
   544 | D:1      | Reached XP level 3. HP: 26/31 MP: 9/9
   549 | D:1      | Learned a level 3 spell: Regeneration
   553 | D:1      | Learned a level 3 spell: Spectral Weapon
   681 | D:1      | Reached skill level 5 in Spellcasting
  1131 | D:2      | Reached skill level 1 in Invocations
  1179 | D:2      | Noticed Terence
  1194 | D:2      | Killed Terence
  1194 | D:2      | Reached skill level 1 in Short Blades
  1194 | D:2      | Reached skill level 1 in Long Blades
  1194 | D:2      | Reached skill level 1 in Axes
  1194 | D:2      | Reached skill level 1 in Maces & Flails
  1194 | D:2      | Reached skill level 1 in Staves
  1194 | D:2      | Reached skill level 1 in Slings
  1194 | D:2      | Reached skill level 1 in Bows
  1194 | D:2      | Reached skill level 1 in Crossbows
  1194 | D:2      | Reached skill level 1 in Throwing
  1194 | D:2      | Reached skill level 1 in Stealth
  1194 | D:2      | Reached skill level 1 in Shields
  1194 | D:2      | Reached skill level 1 in Unarmed Combat
  1194 | D:2      | Reached skill level 1 in Evocations
  1194 | D:2      | Reached XP level 4. HP: 33/38 MP: 0/11
  1386 | D:2      | Reached skill level 1 in Conjurations
  1386 | D:2      | Reached skill level 1 in Hexes
  1386 | D:2      | Reached skill level 1 in Summonings
  1386 | D:2      | Reached skill level 1 in Necromancy
  1386 | D:2      | Reached skill level 1 in Translocations
  1386 | D:2      | Reached skill level 1 in Transmutations
  1386 | D:2      | Reached skill level 1 in Fire Magic
  1386 | D:2      | Reached skill level 1 in Ice Magic
  1386 | D:2      | Reached skill level 1 in Air Magic
  1386 | D:2      | Reached skill level 1 in Earth Magic
  1386 | D:2      | Reached skill level 1 in Poison Magic
  1484 | D:2      | Found a stormy altar of Qazlal.
  1643 | D:2      | Found a burning altar of Makhleb.
  1653 | D:2      | Reached XP level 5. HP: 34/43 MP: 12/12
  1764 | D:2      | Found a runed door.
  1772 | D:2      | Noticed Crazy Yiuf
  1777 | D:2      | Killed Crazy Yiuf
  1867 | D:3      | Noticed an ogre
  1873 | D:3      | Killed an ogre
  1873 | D:3      | Reached XP level 6. HP: 33/50 MP: 13/13
  2152 | D:3      | Found an ancient bone altar of Kikubaaqudgha.
  2658 | D:4      | Reached skill level 5 in Fighting
  2658 | D:4      | Reached skill level 5 in Polearms
  2658 | D:4      | Reached skill level 5 in Dodging
  3091 | D:4      | Reached XP level 7. HP: 50/56 MP: 10/15
  3607 | D:5      | Entered Level 5 of the Dungeon
  3957 | D:5      | Found a glowing golden altar of the Shining One.
  4314 | D:5      | Found a sacrificial altar of Ru.
  4354 | D:5      | Reached XP level 8. HP: 62/63 MP: 16/16
  4451 | D:6      | Noticed Dowan
  4452 | D:6      | Noticed Duvessa
  4474 | D:6      | Killed Dowan
  4527 | D:6      | Killed Duvessa
  4528 | D:6      | HP: 1/63 [centaur/arrow (11)]
  4542 | D:6      | HP: 3/63 [iguana (10)]
  4896 | D:6      | Found Maakhaqo's Assorted Antiques.
  4907 | D:6      | Bought a scroll labeled FUH TUPYMO for 27 gold pieces
  4907 | D:6      | Bought a lumpy ruby potion for 24 gold pieces
  4907 | D:6      | Bought a sedimented puce potion for 24 gold pieces
  5150 | D:6      | Noticed Eustachio
  5161 | D:6      | Killed Eustachio
  5196 | D:6      | Found a staircase to the Ecumenical Temple.
  5205 | Temple   | Entered the Ecumenical Temple
  5749 | D:7      | Reached XP level 9. HP: 69/69 MP: 12/18
  5758 | D:7      | Found a blossoming altar of Fedhas.
  5790 | D:7      | Found a deep blue altar of Sif Muna.
  6550 | D:8      | Reached skill level 5 in Armour
  6918 | D:8      | Reached skill level 5 in Invocations
  7067 | D:8      | Noticed a two-headed ogre
  7075 | D:8      | Killed a two-headed ogre
  7075 | D:8      | Reached XP level 10. HP: 52/76 MP: 10/20
  7287 | D:8      | Reached skill level 5 in Short Blades
  7287 | D:8      | Reached skill level 5 in Long Blades
  7287 | D:8      | Reached skill level 5 in Axes
  7287 | D:8      | Reached skill level 5 in Maces & Flails
  7287 | D:8      | Reached skill level 5 in Staves
  7287 | D:8      | Reached skill level 5 in Slings
  7287 | D:8      | Reached skill level 5 in Bows
  7287 | D:8      | Reached skill level 5 in Crossbows
  7287 | D:8      | Reached skill level 5 in Throwing
  7287 | D:8      | Reached skill level 5 in Stealth
  7287 | D:8      | Reached skill level 5 in Shields
  7287 | D:8      | Reached skill level 5 in Unarmed Combat
  7287 | D:8      | Reached skill level 5 in Evocations
  7343 | D:9      | Noticed a two-headed ogre
  7448 | D:9      | Killed a two-headed ogre
  7563 | D:9      | Found a sparkling altar of Nemelex Xobeh.
  7644 | D:9      | Found an ornate altar of the Wu Jian Council.
  7897 | D:9      | Found an iron altar of Okawaru.
  7909 | D:9      | Became a worshipper of Warmaster Okawaru
  8100 | D:10     | Entered Level 10 of the Dungeon
  8100 | D:10     | Noticed Sonja
  8140 | D:10     | Noticed Urug
  8178 | D:10     | Found a transporter.
  8282 | D:10     | HP: 3/78 [poisoned by Sonja]
  8296 | D:10     | Killed Sonja
  8296 | D:10     | Reached * piety under Okawaru
  8336 | D:10     | Found Yzokoud's Weapon Emporium.
  8357 | D:10     | Found a hide-covered altar of Uskayaw.
  8381 | D:10     | Reached XP level 11. HP: 84/84 MP: 13/22
  8435 | D:10     | Found a runed gate.
  8436 | D:10     | Noticed a glowing orange brain
  8436 | D:10     | Noticed a red ugly thing
  8437 | D:10     | Found a runed gate.
  8438 | D:10     | Found a runed gate.
  8439 | D:10     | Noticed a brown ugly thing
  8439 | D:10     | Noticed a purple ugly thing
  8439 | D:10     | Noticed a green ugly thing
  8443 | D:10     | Noticed a red ugly thing
  8443 | D:10     | Noticed a purple very ugly thing
  8601 | D:10     | Reached ** piety under Okawaru
  8611 | D:10     | Reached skill level 5 in Conjurations
  8611 | D:10     | Reached skill level 5 in Hexes
  8611 | D:10     | Reached skill level 5 in Summonings
  8611 | D:10     | Reached skill level 5 in Necromancy
  8611 | D:10     | Reached skill level 5 in Translocations
  8611 | D:10     | Reached skill level 5 in Transmutations
  8611 | D:10     | Reached skill level 5 in Fire Magic
  8611 | D:10     | Reached skill level 5 in Ice Magic
  8611 | D:10     | Reached skill level 5 in Air Magic
  8611 | D:10     | Reached skill level 5 in Earth Magic
  8611 | D:10     | Reached skill level 5 in Poison Magic
  8734 | D:10     | Noticed a two-headed hydra
  8744 | D:10     | Killed a two-headed hydra
  8851 | D:10     | Found a staircase to the Orcish Mines.
  9150 | D:10     | Killed Urug
  9150 | D:10     | Reached *** piety under Okawaru
  9565 | D:11     | Received a gift from Okawaru
  9807 | D:11     | Learned a level 1 spell: Beastly Appendage
  9824 | D:11     | Found a runed door.
  9824 | D:11     | Found a runed door.
  9824 | D:11     | Noticed a manticore
  9835 | D:11     | Killed a manticore
  9835 | D:11     | Reached **** piety under Okawaru
 10191 | D:11     | HP: 4/86 [centaur/shortbow (5)]
 10195 | D:11     | HP: 1/86 [centaur/uncursed shortbow (5)]
 10210 | D:11     | HP: 5/129 [centaur/shortbow (4)]
 10218 | D:11     | HP: 3/129 [yak (9)]
 10219 | D:11     | Reached XP level 12. HP: 4/93 MP: 10/24
 10231 | D:11     | Slain by a yak

Vault maps used:
D:1:      dpeg_arrival_solitude, st_stairs_5, minmay_misc_feat_four_crosses,
          dk_noncrumbling_2, minmay_misc_feat_x
D:2:      nicolae_overflow_hidden_temple, makhleb_grotto_becter,
          nicolae_qazlal_general_emergency, uniq_crazy_yiuf_cottage,
          uniq_terence
D:3:      lemuel_doored_altar
D:4:      minmay_misc_feat_nine_boxes
D:5:      nicolae_tso_besieged_by_evil, first_ration, minivault_23, minivault_1,
          nicolae_ru_path_of_blood
D:6:      nicolae_whirlpool, minmay_temple_entry_glassed_door,
          gup_sewer_entry_bubbles, serial_shops,
          nicolae_shop_overgrown_old_shop, uniq_duvessa, uniq_eustachio
D:7:      led_sif_pool, basic_altar
D:8:      grunt_decor_arrowhead
D:9:      marbit_many_paths, kennysheep_little_box, basic_altar
D:10:     gammafunk_beogh_shrine, orc_0_dummy, serial_shops, shop_fountains,
          ploomutoo_gammafunk_ghost_potion_laboratory, basic_altar,
          hangedman_ranch, minmay_misc_feat_hallway, uniq_sonja, uniq_urug
D:11:     grunt_lair_entry_orc_guard_hut, muffindrake_ghost_dual_entry
Temple:   regret_index_temple_waves

Skill      XL: |  1  2  3  4  5  6  7  8  9 10 11 |
---------------+----------------------------------+-----
Spellcasting   | 5 6 7 8 |  8.5
Invocations    | 1 2 3 4 5 6 7 |  7.4
Short Blades   | 1 2 3 4 5 6 |  6.7
Long Blades    | 1 2 3 4 5 6 |  6.7
Axes           | 1 2 3 4 5 6 |  6.7
Maces & Flails | 1 2 3 4 5 6 |  6.7
Staves         | 1 2 3 4 5 6 |  6.7
Slings         | 1 2 3 4 5 6 |  6.7
Bows           | 1 2 3 4 5 6 |  6.7
Crossbows      | 1 2 3 4 5 6 |  6.7
Throwing       | 1 2 3 4 5 6 |  6.7
Stealth        | 1 2 3 4 5 6 |  6.7
Shields        | 1 2 3 4 5 6 |  6.7
Unarmed Combat | 1 2 3 4 5 6 |  6.7
Evocations     | 1 2 3 4 5 6 |  6.7
Conjurations   | 1 2 3 4 5 |  5.6
Hexes          | 1 2 3 4 5 |  5.6
Summonings     | 1 2 3 4 5 |  5.6
Necromancy     | 1 2 3 4 5 |  5.6
Translocations | 1 2 3 4 5 |  5.6
Transmutations | 1 2 3 4 5 |  5.6
Fire Magic     | 1 2 3 4 5 |  5.6
Ice Magic      | 1 2 3 4 5 |  5.6
Air Magic      | 1 2 3 4 5 |  5.6
Earth Magic    | 1 2 3 4 5 |  5.6
Poison Magic   | 1 2 3 4 5 |  5.6
Armour         | 3 4 5 6 7 |  7.3
Fighting       | 5 6 7 8 |  8.2
Polearms       | 5 6 7 8 |  8.2
Dodging        | 5 6 7 8 |  8.2
Charms         | 6 7 |  7.9

Action                   |  1- 3 |  4- 6 |  7- 9 | 10-12 || total
-------------------------+-------+-------+-------+-------++-------
Melee: Spear             |   126 |       |       |       ||   126
       Bite              |    12 |    21 |    23 |    49 ||   105
       Trident           |       |    87 |       |   163 ||   250
       Quarterstaff      |       |    48 |   216 |   240 ||   504
       Kick              |       |       |       |     3 ||     3
       Punch             |       |       |       |     3 ||     3
 Fire: Blowgun           |       |    11 |     7 |       ||    18
 Cast: Infusion          |     2 |     2 |     1 |     1 ||     6
       Shroud of Golubri |     2 |     7 |    19 |    31 ||    59
       Spectral Weapon   |     2 |     5 |    14 |    28 ||    49
       Song of Slaying   |       |     3 |     4 |     8 ||    15
       Regeneration      |       |     4 |    16 |    22 ||    42
       Beastly Appendage |       |       |       |     1 ||     1
Invok: Heroism           |       |       |       |     3 ||     3
 Abil: Evoke Berserk Rag |       |       |       |     1 ||     1
Evoke: Wand              |       |       |       |     7 ||     7
  Use: Scroll            |       |       |     8 |     5 ||    13
       Potion            |       |       |       |     4 ||     4
 Stab: Sleeping          |     3 |     3 |     2 |     7 ||    15
       Paralysed         |       |       |     3 |     2 ||     5
       Distracted        |       |       |       |     5 ||     5
       Petrifying        |       |       |       |     1 ||     1
  Eat: Chunk             |     1 |     7 |    16 |    14 ||    38
Armor: Leather armour    |    16 |    18 |    38 |    66 ||   138
       Skin              |       |       |       |    51 ||    51
Dodge: Dodged            |    63 |   106 |   194 |   295 ||   658

Table legend:
 A = Non-vault XP
 B = Vault XP
 C = Vault XP percentage of total XP
 D = Non-vault monster count
 E = Vault monster count
 F = Vault count percentage of total count
                 A         B        C        D         E       F
            +---------+---------+-------+---------+---------+-------
      Total |   13478 |    5422 |  28.7 |     248 |      39 |  13.6
            +---------+---------+-------+---------+---------+-------
        D:1 |      48 |       4 |   7.7 |      26 |       2 |   7.1
        D:2 |      69 |     117 |  62.9 |      24 |       3 |  11.1
        D:3 |     136 |       0 |   0.0 |       9 |       0 |   0.0
        D:4 |     340 |       0 |   0.0 |      26 |       0 |   0.0
        D:5 |     437 |      49 |  10.1 |      12 |       7 |  36.8
        D:6 |     350 |     646 |  64.9 |      14 |      11 |  44.0
        D:7 |     842 |       0 |   0.0 |      16 |       0 |   0.0
        D:8 |    2538 |       0 |   0.0 |      28 |       0 |   0.0
        D:9 |    2339 |     110 |   4.5 |      28 |       1 |   3.4
       D:10 |    1923 |    4035 |  67.7 |      24 |      11 |  31.4
       D:11 |    4456 |     461 |   9.4 |      41 |       4 |   8.9
            +---------+---------+-------+---------+---------+-------
